 Dungeon Crawl Stone Soup version 0.29-a0-551-gffc1d7fb78 (webtiles) character file.

Game seed: 11617593039169151551

164 lorenzova the Conjurer (level 5, 0/28 HPs)
             Began as a Deep Elf Conjurer on June 5, 2022.
             Killed by divine providence
             ... invoked by an orc priest
              (11 damage)
             ... on level 5 of the Dungeon.
             The game lasted 00:03:44 (2708 turns).

lorenzova the Conjurer (Deep Elf Conjurer)          Turns: 2708, Time: 00:03:45

Health: 0/28       AC:  3    Str:  4    XL:     5   Next: 21%
Magic:  1/15       EV: 12    Int: 25    God:
Gold:   56         SH:  0    Dex: 13    Spells: 12/15 levels left

rFire   . . .      SeeInvis .   k - +2 dagger (venom)
rCold   . . .      Faith    .   (no shield)
rNeg    . . .      Spirit   .   a - +0 robe
rPois   .          Reflect  .   (no helmet)
rElec   .          Harm     .   (no cloak)
rCorr   .          Rampage  .   (no gloves)
Will    .....                   h - +0 pair of boots
Stlth   ++........              (no amulet)
HPRegen 0.09/turn               (no ring)
MPRegen 0.14/turn               (no ring)

@: no status effects
A: no striking features
a: no special abilities


You were on level 5 of the Dungeon.
You visited 1 branch of the dungeon, and saw 4 of its levels.

You collected 56 gold pieces.

Inventory:

Hand Weapons
 k - a +2 dagger of venom (weapon)
Armour
 a - a +0 robe (worn)
 h - a +0 pair of boots (worn)
Jewellery
 i - a ring of flight
 j - a ring of fire
Scrolls
 d - a scroll of enchant armour {unknown}
 l - a scroll of identify {unknown}
 m - a scroll of magic mapping
 q - a scroll of silence {unknown}
Potions
 b - a potion of magic
 c - a potion of lignification {unknown}
 e - 2 potions of curing {unknown}
 f - a potion of mutation {unknown}
 g - a potion of haste {unknown}
 n - a potion of flight {unknown}
 o - a potion of brilliance {unknown}
 p - a potion of invisibility {unknown}


   Skills:
 - Level 2.4 Dodging
 - Level 2.4 Stealth
 + Level 5.6 Spellcasting
 + Level 5.9 Conjurations


You had 12 spell levels left.
You knew the following spells:

 Your Spells              Type           Power      Damage    Failure   Level
a - Magic Dart            Conj           100%       1d8       1%          1
b - Searing Ray           Conj           72%        2d7       1%          2

Your spell library contained the following spells:

 Spells                   Type           Power      Damage    Failure   Level
 Dazzling Flash           Conj/Hex       42%        N/A       7%          3
 Apportation              Tloc           14%        N/A       8%          1
 Necrotize                Necr           28%        1d5       8%          1
 Summon Small Mammal      Summ           28%        N/A       8%          1
 Fulminant Prism          Conj/Hex       10%        3d9       22%         4
 Iskenderun's Mystic Bla  Conj/Tloc      21%        2d6       22%         4
 Portal Projectile        Hex/Tloc       14%        N/A       24%         3
 Tukima's Dance           Hex            7%         N/A       24%         3
 Blade Hands              Tmut           3%         N/A       91%         5


Dungeon Overview and Level Annotations

Branches:
Dungeon (5/15)
 Temple: D:4-7

Altars:

Annotations:
D:2 exclusion: downstairs
D:3 Robin


Message History

The magic dart hits the ufetubus.
You kill the ufetubus!
Casting: Magic Dart (safe; 1% risk of failure)
Confirm with . or Enter, or press ? or * to list all spells.
You can't see any susceptible monsters within range! (Use Z to cast anyway.) Unknown command.
You start resting.
An orc is nearby!
Casting: Magic Dart (safe; 1% risk of failure)
Confirm with . or Enter, or press ? or * to list all spells.
Aiming: Magic Dart (safe; 1% risk of failure)
Press: ? - help, Shift-Dir - straight line, f - orc
Aim: an orc, wielding a +0 flail and wearing a +0 chain mail (100% to hit)
The magic dart hits the orc but does no damage.
Casting: Magic Dart (safe; 1% risk of failure)
Confirm with . or Enter, or press ? or * to list all spells.
Aiming: Magic Dart (safe; 1% risk of failure)
Press: ? - help, Shift-Dir - straight line, f/p - orc
Aim: an orc, wielding a +0 flail and wearing a +0 chain mail (100% to hit)
The magic dart hits the orc!
You kill the orc!
Casting: Magic Dart (safe; 1% risk of failure)
Confirm with . or Enter, or press ? or * to list all spells.
You can't see any susceptible monsters within range! (Use Z to cast anyway.)
You start resting.
An orc priest is nearby!
Casting: Magic Dart (safe; 1% risk of failure)
Confirm with . or Enter, or press ? or * to list all spells.
Aiming: Searing Ray (safe; 1% risk of failure)
Press: ? - help, Shift-Dir - straight line, f - orc priest
Aim: an orc priest, wielding a +0 dagger and wearing a +1 leather armour of poison resistance (81% to hit)
The searing ray hits the orc priest!
The orc priest is heavily wounded. (Press . to maintain the ray.)
The searing ray hits the orc priest.
The orc priest is almost dead.
You finish channelling your searing ray.
The orc priest mumbles some strange prayers to Beogh against you.
Beogh smites you!
You die...

#.# ####.# #....## #.....##
#......## ##......# ####
#......#### ##...#
##.....).o## #..../.
#############...@#≈.≈##.......
l.........>...###P♣≈≈♣........
#########.....###.♣♣≈.........
#####..####..o..$..... ##.##
##...$...... ##.## ##.........
#..# #...o..... #..##
##........ #...# #........


You could see an orc priest.

Vanquished Creatures
  A jelly (D:5)
  A hound (D:5)
  4 gnolls (D:2)
  An adder (D:2)
  An ufetubus (D:5)
  A dart slug (D:2)
  An orc (D:5)
  A ball python (D:1)
  4 endoplasms
  2 giant cockroaches
  7 goblins
  6 hobgoblins
  3 jackals (D:2)
  2 quokkas (D:1)
  2 bats (D:1)
  3 frilled lizards (D:1)
  5 kobolds
  2 rats (D:1)
47 creatures vanquished.

Notes
Turn   | Place    | Note
-------+----------+-------------------------------------------
     0 | D:1      | lorenzova the Deep Elf Conjurer began the quest for the
                  | Orb.
     0 | D:1      | Reached XP level 1. HP: 10/10 MP: 6/6
   534 | D:1      | Reached XP level 2. HP: 15/15 MP: 4/8
   537 | D:1      | Learned a level 2 spell: Searing Ray
  1581 | D:2      | Found a faded altar of an unknown god.
  1618 | D:2      | Reached skill level 5 in Conjurations
  1618 | D:2      | Reached XP level 3. HP: 14/19 MP: 1/10
  2051 | D:2      | Reached XP level 4. HP: 15/24 MP: 5/12
  2381 | D:3      | Noticed Robin
  2477 | D:3      | Reached skill level 5 in Spellcasting
  2535 | D:3      | You fall into a shaft and drop 2 floors!
  2535 | D:5      | Entered Level 5 of the Dungeon
  2555 | D:5      | Noticed a scorpion
  2583 | D:5      | Noticed a wyvern
  2597 | D:5      | Noticed a water moccasin
  2688 | D:5      | Reached XP level 5. HP: 28/28 MP: 10/15
  2708 | D:5      | Killed from afar by an orc priest

Illustrated notes

Levels and vault maps discovered:
D:1:      giann_forest_graveyard, layout_basic
D:2:      layout_rooms, ebering_ecumenical_altar_webs, kennysheep_generic_room_9
D:3:      gammafunk_wand_slinger, layout_loops_cross,
          grunt_temple_overflow_magic_moments, serial_shops,
          nicolae_shop_bloodbath_and_beyond, kennysheep_generic_room_15,
          uniq_natasha, uniq_robin
D:5:      layout_cave_pods, jmf_multi_god_temple2, serial_bayou_pond_d,
          minmay_misc_feat_square, nicolae_sextant, hex_large,
          chequers_serial_rivers_micro_c

Skill      XL: |  1  2  3  4 |
---------------+-------------+-----
Spellcasting   | 4 5 |  5.6
Conjurations   | 5 |  5.9
Dodging        | |  2.4
Stealth        | |  2.4

Action                   |  1- 3 |  4- 6 || total
-------------------------+-------+-------++-------
Melee: Dagger            |     2 |     3 ||     5
 Cast: Magic Dart        |    65 |    27 ||    92
       Searing Ray       |     1 |     2 ||     3
  Use: Scroll            |     1 |     1 ||     2
Armor: Robe              |     2 |     3 ||     5
Dodge: Dodged            |     7 |     8 ||    15

Table legend: (Time is in decaauts)
 A = Elapsed time spent in this place.
 B = Non-inter-level travel time spent in this place.
 C = Inter-level travel time spent in this place.
 D = Time resting spent in this place.
 E = Time spent auto-exploring this place.
 F = Levels seen in this place.
 G = Mean time per level.
                   A        B        C        D        E       F      G
               +--------+--------+--------+--------+--------+-----+--------+
         Total |   2710 |   2653 |     57 |    930 |   1406 |   4 |  677.5 |
       Dungeon |   2710 |   2653 |     57 |    930 |   1406 |   4 |  677.5 |
               +--------+--------+--------+--------+--------+-----+--------+

Top non-repeatable levels by time:
     D:1: 1544 daAuts
     D:2: 868 daAuts
     D:5: 176 daAuts
     D:3: 121 daAuts
